 Dungeon Crawl Stone Soup version 0.22.1-1-ga44c0e5 (webtiles) character file.

190 n0claF the Shooter (level 5, 0/45 HPs)
             Began as a Centaur Hunter on Sept 21, 2018.
             Slain by a sky beast (5 damage)
             ... on level 5 of the Dungeon.
             The game lasted 00:06:13 (2890 turns).

n0claF the Shooter (Centaur Hunter)                 Turns: 2890, Time: 00:06:13

Health: 0/45       AC:  4    Str: 15    XL:     5   Next: 41%
Magic:  5/5        EV: 10    Int: 10    God:
Gold:   109        SH:  0    Dex: 10    Spells: 4/4 levels left

rFire    . . .     SeeInvis .   f - +0 spear
rCold    . . .     Gourm    .   (no shield)
rNeg     . . .     Faith    .   c - +0 leather armour
rPois    .         Spirit   .   (no helmet)
rElec    .         Reflect  .   (no cloak)
rCorr    .         Harm     .   (no gloves)
MR       .....                  (no barding)
Stlth    +.........             (no amulet)
HPRegen  0.15/turn              (no ring)
MPRegen  0.09/turn              (no ring)

@: very quick
A: large, hooves 3, deformed body, speed 2, tough skin 3
a: no special abilities


You were on level 5 of the Dungeon.
You were hungry.

You visited 1 branch of the dungeon, and saw 5 of its levels.

You collected 109 gold pieces.

Inventory:

Hand Weapons
 a - a +1 shortbow
 f - a +0 spear (weapon)
   (You found it on level 1 of the Dungeon)
Missiles
 d - 66 arrows
Armour
 c - a +0 leather armour (worn)
Scrolls
 i - a scroll of magic mapping {unknown}
 j - 2 scrolls of teleportation {unknown}
 k - 2 scrolls of random uselessness {unknown}
 l - a scroll of enchant weapon {unknown}
 m - 2 scrolls of remove curse {unknown}
 n - a scroll of fear {unknown}
 p - a scroll of immolation {unknown}
 q - 4 scrolls of identify {unknown}
 r - a scroll of enchant armour {unknown}
 s - 2 scrolls of blinking {unknown}
Potions
 g - a potion of haste {unknown}
 h - a potion of degeneration {unknown}
 o - a potion of curing {unknown}
Comestibles
 e - 9 rations {!d}


   Skills:
 + Level 3.6 Fighting
 + Level 6.8 Bows
 + Level 2.6 Dodging
 - Level 0.4 Stealth


You had 4 spell levels left.
You didn't know any spells.
Your spell library contained the following spells:

 Spells                   Type           Power        Failure   Level  Hunger
 Summon Small Mammal      Summ           #...         43%         1    ##.....
 Call Imp                 Summ           #.......     56%         2    ###....
 Call Canine Familiar     Summ           #.......     80%         3    ####...
 Summon Guardian Golem    Hex/Summ       #.......     80%         3    ####...
 Summon Ice Beast         Ice/Summ       #.......     99%         4    #####..
 Summon Lightning Spire   Summ/Air       #.......     99%         4    #####..


Dungeon Overview and Level Annotations

Branches:
Dungeon (5/15)
 Temple: D:4-7

Altars:
Yredelemnul


Innate Abilities, Weirdness & Mutations

You have hooves in place of feet.
Armour fits poorly on your strangely shaped body.
You cover ground very quickly.
You have extremely tough skin. (AC +3)


Message History

There is a stone staircase leading down here.
You start resting.
All of the chunks of flesh in your inventory have rotted away.
You are feeling hungry.
You start resting.
An adder comes into view.
An adder is nearby!
Unknown command.
You can't go up here!
Unknown command.
You can't go up here!
There is a stone staircase leading down here.
You climb downwards.
There is a stone staircase leading up here.
You hit the sky beast but do no damage. You kick the sky beast.
The sky beast hits you. The sky beast shocks you.
The sky beast barely misses you.
You hit the sky beast but do no damage.
The sky beast flickers out of sight!
Something hits you. Something shocks you.
* * * LOW HITPOINT WARNING * * *
You closely miss something. Something hits you but does no damage.
You start resting.
A sky beast appears from thin air!
Reactivating autopickup.
The sky beast flickers out of sight!
Deactivating autopickup; reactivate with Ctrl-A.
There is a strange disturbance nearby!
You closely miss something. Something hits you but does no damage.
You closely miss something. You kick something. Something hits you.
* * * LOW HITPOINT WARNING * * *
Something shocks you.
* * * LOW HITPOINT WARNING * * *
You hit something. Your kick misses something.
Something hits you but does no damage.
You miss something. Something hits you but does no damage.
You closely miss something. Your kick misses something. Something hits you.
* * * LOW HITPOINT WARNING * * *
Something shocks you.
* * * LOW HITPOINT WARNING * * *
You miss something. Your kick misses something. Something hits you.
* * * LOW HITPOINT WARNING * * *
Something shocks you.
You die...

.[...# #.....{...#
.....# #.#.###.#.#
.....# #.#.# #.#.#
.....# #.#.###.#.#
.....#######.#.....#.#
.............#######.#
>#########......# #.#
.. #.####{####.# . #.#
#..@....#
#.####.....<#
#.#.......###
#.#.##.##.#
#.#.##.##.#
#.#.....#.#
#.#######.# #.# #.#
#.# #####.#


There were no monsters in sight!

Vanquished Creatures
  2 orc wizards (D:3)
  Natasha (twice) (D:2)
  2 adders (D:3)
  An ooze (D:1)
  An adder zombie (D:5)
  A worm (D:2)
  2 dart slugs (D:2)
  2 orcs (D:3)
  5 goblins
  11 hobgoblins
  3 jackals (D:2)
  5 kobolds
  2 quokkas
  7 bats
  3 frilled lizards
  4 rats
53 creatures vanquished.

Notes
Turn   | Place    | Note
-------+----------+-------------------------------------------
     0 | D:1      | n0claF the Centaur Hunter began the quest for the Orb.
     0 | D:1      | Reached XP level 1. HP: 17/17 MP: 1/1
   290 | D:1      | Reached XP level 2. HP: 24/24 MP: 2/2
   930 | D:2      | Reached XP level 3. HP: 20/30 MP: 3/3
  1080 | D:2      | Found a basalt altar of Yredelemnul.
  1193 | D:2      | Noticed Natasha
  1214 | D:2      | Killed Natasha
  1214 | D:2      | Reached skill level 6 in Bows
  1378 | D:2      | Noticed Natasha
  1392 | D:2      | Killed Natasha
  1392 | D:2      | Reached XP level 4. HP: 29/38 MP: 4/4
  2180 | D:3      | Reached XP level 5. HP: 45/45 MP: 5/5
  2542 | D:3      | You fall through a shaft for 2 floors!
  2542 | D:5      | Entered Level 5 of the Dungeon
  2647 | D:5      | Noticed a sky beast
  2890 | D:5      | Slain by a sky beast

Skill      XL: |  1  2  3 |
---------------+----------+-----
Bows           | 6 |  6.8
Dodging        | 2 |  2.6
Fighting       | 3 |  3.6
Stealth        | |  0.4

Action                   |  1- 3 |  4- 6 || total
-------------------------+-------+-------++-------
Melee: Spear             |    83 |   105 ||   188
       Kick              |    16 |    23 ||    39
 Fire: Shortbow          |    19 |       ||    19
  Eat: Chunk             |     1 |     3 ||     4
Armor: Leather armour    |    29 |    25 ||    54
Dodge: Dodged            |    33 |    43 ||    76
